AoeStats
← 我不知道

Arabia

510514618Analyzed
1v1 RM · 9h ago on Oct 1, 2026· 39m 0s· 2 players
Game mode
Random Map
Map size
Tiny (2 player)
Population
200
Speed
Normal
Resources
Standard
Victory
Conquest
Starting age
Dark Age
Ending age
Imperial Age
RankedLock teamsTeams togetherTeam positionsShared explorationLock speedFull tech treeHidden civsTurbo modeCheats
Victory
Defeat
🇷🇺 Mongols · Russia
1046
+14
🇦🇹 Franks · Austria
1000
-43
我不知道
6:21 Loom
9:06 Feudal Age
9:46 Double-Bit Axe
9:49 Horse Collar
21:53 Castle Age
23:15 Husbandry
24:08 Bloodlines
23:56 Fletching
26:39 Wheelbarrow
26:17 Bodkin Arrow
33:16 Imperial Age
30:52 Gold Mining
31:37 Ballistics
31:26 Padded Archer Armor
32:19 Hand Cart
31:53 Town Watch
33:00 Gold Shaft Mining
32:59 Thumb Ring
33:18 Leather Archer Armor
34:40 Parthian Tactics
36:10 Chemistry
35:36 Bracer
36:12 Town Patrol
36:31 Heavy Plow
36:45 Bow Saw
Desolation
11:26 Feudal Age
10:08 Loom
13:50 Double-Bit Axe
20:17 Castle Age
20:17 Stone Mining
20:20 Gold Mining
24:23 Forging
25:18 Scale Barding Armor
27:15 Wheelbarrow
26:26 Town Watch
27:58 Bow Saw
30:09 Husbandry
31:54 Chain Barding Armor
32:48 Fletching
33:31 Town Patrol
37:01 Imperial Age
Connection lost

Rejoining the realm…

Still unreachable

The connection could not be restored.

Session expired

The server has moved on; the page needs a fresh start.